 Dungeon Crawl Stone Soup version 0.31-a0-117-g42d8f58691 (webtiles) character file.

Game seed: 2018358776464268044

82 NoAnimeNoLife the Sneak (level 4, -5/26 HPs)
             Began as a Kobold Brigand on May 30, 2023.
             Slain by a gnoll
             ... wielding a +1 whip of venom
              (9 damage)
             ... on level 3 of the Dungeon.
             The game lasted 00:01:03 (2061 turns).

NoAnimeNoLife the Sneak (Kobold Brigand)            Turns: 2061, Time: 00:01:04

Health: -5/26      AC:  4    Str:  8    XL:     4   Next: 70%
Magic:  4/4        EV: 15    Int: 18    God:
Gold:   168        SH:  0    Dex: 18    Spells: 3/3 levels left

rFire   . . .        a - +2 dagger (heavy)
rCold   . . .        (no shield)
rNeg    . . .        b - +0 robe
rPois   .            (no helmet)
rElec   .            c - +1 cloak
rCorr   .            (no gloves)
SInv    .            (no boots)
Will    +....        (no amulet)
Stlth   ++++         i - +6 ring of intelligence
HPRegen 0.24/turn    (no ring)
MPRegen 0.09/turn

%: no passive effects
@: brilliant, lethally poisoned (-5 -> -23), enlightened, flying
A: small, no large weapons, nightstalker 3
a: no special abilities


You were on level 3 of the Dungeon.
You visited 1 branch of the dungeon, and saw 3 of its levels.

You collected 168 gold pieces.

Inventory:

Hand Weapons
 a - a +2 heavy dagger (weapon)
Missiles
 d - 11 poisoned darts (quivered)
 e - 3 curare-tipped darts
Armour
 b - a +0 robe (worn)
 c - a +1 cloak (worn)
Jewellery
 g - a ring of positive energy
 i - a +6 ring of intelligence (left hand)
 j - a ring of fire
 m - a +6 ring of dexterity
Scrolls
 f - 3 scrolls of identify {unknown}
 h - a scroll of teleportation


   Skills:
 - Level 2.1 Fighting
 + Level 4.2 Short Blades
 - Level 2.1 Throwing
 + Level 2.9 Dodging
 + Level 6.2 Stealth


You had 3 spell levels left.
You didn't know any spells.
Your spell library contained the following spells:

 Spells                   Type           Power      Damage    Failure   Level
 Necrotise                Necr           0%         1d4       22%         1
 Ozocubu's Armour         Ice            0%         N/A       54%         3
 Vampiric Draining        Necr           0%         2d6       54%         3
 Agony                    Necr           0%         N/A       99%         5
 Metabolic Englaciation   Hex/Ice        0%         N/A       99%         5
 Simulacrum               Ice/Necr       0%         N/A       100%        6


Dungeon Overview and Level Annotations

Branches:
Dungeon (3/15)

Altars:


Innate Abilities, Weirdness & Mutations

You are small and have problems with some larger weapons.
You are completely attuned to the shadows.


Message History

You hit the gnoll.
The gnoll is heavily wounded.
The gnoll barely misses you.
The gnoll hits you from afar with a +0 spear.
The gnoll hits you with a +0 flail! The gnoll completely misses you.
The gnoll barely misses you. The gnoll completely misses you.
You are too injured to fight recklessly!
You are too injured to fight recklessly!
You are too injured to fight recklessly!
The gnoll hits you from afar with a +0 spear.
* * * LOW HITPOINT WARNING * * *
The gnoll hits you with a +0 flail.
* * * LOW HITPOINT WARNING * * *
Okay, then.
Okay, then.
Okay, then.
You aren't carrying any items that you can evoke.
Unknown command.
It was a potion of brilliance.
You feel clever all of a sudden. The gnoll hits you but does no damage.
The gnoll barely misses you. The gnoll closely misses you.
It was a potion of curing.
You feel better. The gnoll hits you but does no damage.
The gnoll hits you with a +0 flail.
The gnoll hits you with a +1 whip of venom.
You are lethally poisoned!
It was a potion of enlightenment.
You feel very buoyant.
You fly up into the air.
* * * LOW HITPOINT WARNING * * *
You feel very sick.
The gnoll hits you from afar with a +0 spear.
* * * LOW HITPOINT WARNING * * *
The gnoll closely misses you. The gnoll hits you but does no damage.
You are more poisoned.
You aren't carrying any items that you can evoke.
Unknown command.
The gnoll attacks as you move away!
The gnoll hits you with a +1 whip of venom!
You die...

#####.####
#..##..##
#.#
#........
###.####
###..##
#.......
##..#
#.#.....
##...##
#.#.....
......# #
#..g..
......<
#g†...
.......
#@g...
.....>.
#.......
.......
####.###
...... ##
....#


You could see 3 gnolls.

Vanquished Creatures
  4 adders (D:2)
  A worm (D:2)
  A dart slug (D:2)
  4 bats
  4 endoplasms
  2 giant cockroaches (D:1)
  7 goblins
  5 hobgoblins (D:1)
  5 kobolds
  2 ball pythons
  A frilled lizard (D:2)
  2 rats
38 creatures vanquished.

Notes
Turn   | Place    | Note
-------+----------+-------------------------------------------
     0 | D:1      | NoAnimeNoLife the Kobold Brigand began the quest for the
                  | Orb.
     0 | D:1      | Reached XP level 1. HP: 12/12 MP: 1/1
   256 | D:1      | Reached XP level 2. HP: 17/17 MP: 2/2
   709 | D:1      | Reached XP level 3. HP: 21/21 MP: 3/3
  1314 | D:2      | Reached skill level 6 in Stealth
  1367 | D:2      | Reached XP level 4. HP: 26/26 MP: 4/4
  2057 | D:3      | HP: 1/26 [gnoll/+0 flail (5)]
  2061 | D:3      | Slain by a gnoll

Illustrated notes

Levels and vault maps discovered:
D:1:      ncdulo_lavacross, layout_loops_corners, serial_bayou,
          serial_bayou_shore_b, serial_bayou_shore_a, serial_bayou_pond_d,
          serial_bayou_pond_c, chequers_mini_garden
D:2:      layout_loops_ring, roderic_roman_lattice, nicolae_half_adder
D:3:      layout_loops_corners, dreamdust_ecumenical_altar_sealed_demon,
          gammafunk_ghost_icy

Skill      XL: |  1  2  3  4 |
---------------+-------------+-----
Short Blades   | 3 4 |  4.2
Dodging        | 2 |  2.9
Stealth        | 6 |  6.2
Fighting       | |  2.1
Throwing       | |  2.1

Action                     |  1- 3 |  4- 6 || total
---------------------------+-------+-------++-------
  Melee: Dagger            |    57 |    29 ||    86
    Use: Scroll            |     6 |       ||     6
         Potion            |       |     3 ||     3
   Stab: Sleeping          |    14 |     6 ||    20
 Armour: Robe              |     8 |     8 ||    16
  Dodge: Dodged            |    16 |    20 ||    36

Table legend: (Time is in decaauts)
 A = Elapsed time spent in this place.
 B = Non-inter-level travel time spent in this place.
 C = Inter-level travel time spent in this place.
 D = Time resting spent in this place.
 E = Time spent auto-exploring this place.
 F = Levels seen in this place.
 G = Mean time per level.
                   A        B        C        D        E       F      G
               +--------+--------+--------+--------+--------+-----+--------+
         Total |   2089 |   2017 |     72 |      0 |   1730 |   3 |  696.3 |
       Dungeon |   2089 |   2017 |     72 |      0 |   1730 |   3 |  696.3 |
               +--------+--------+--------+--------+--------+-----+--------+

Top non-repeatable levels by time:
     D:1: 1132 daAuts
     D:2: 897 daAuts
     D:3: 59 daAuts
